AoeStats
← che_wacca

Arabia

510177825Analyzed
1v1 RM · 2d ago on Sep 29, 2026· 28m 38s· 2 players
Game mode
Random Map
Map size
Tiny (2 player)
Population
200
Speed
Normal
Resources
Standard
Victory
Conquest
Starting age
Dark Age
Ending age
Imperial Age
RankedLock teamsTeams togetherTeam positionsShared explorationLock speedFull tech treeHidden civsTurbo modeCheats
Victory
Defeat
🇺🇸 Chinese · United States
832
+15
🇪🇸 Japanese · Spain
807
-15
che_wacca
7:12 Loom
9:41 Feudal Age
11:17 Man-at-Arms
17:09 Double-Bit Axe
23:52 Castle Age
24:55 Forging
26:31 Bow Saw
EpicBoyWins
0:31 Loom
10:42 Feudal Age
14:25 Double-Bit Axe
14:44 Horse Collar
19:19 Fletching
20:38 Gold Mining
21:48 Padded Archer Armor
25:10 Castle Age
26:23 Bow Saw
26:15 Heavy Plow
25:38 Crossbowman
26:36 Bloodlines
25:49 Light Cavalry
27:51 Gold Shaft Mining
28:05 Bodkin Arrow
28:26 Husbandry
28:34 Town Watch
29:25 Wheelbarrow
Connection lost

Rejoining the realm…

Still unreachable

The connection could not be restored.

Session expired

The server has moved on; the page needs a fresh start.